 Dungeon Crawl Stone Soup version 0.31.0-11-ge490571c62 (webtiles) character file.

Game seed: 9726334746632337611

580444 mabla the Conqueror (level 25, -4/257 HPs)
             Began as a Minotaur Berserker on Jan 29, 2024.
             Was the Champion of Trog.
             Slain by an electric golem (7 damage)
             ... on level 5 of the Realm of Zot on Jan 31, 2024.
             The game lasted 07:03:52 (69181 turns).

mabla the Conqueror (Minotaur Berserker)           Turns: 69181, Time: 07:03:53

Health: -4/257     AC: 46    Str: 32 (35) XL:     25   Next: 91%
Magic:  22/22      EV: 23    Int:  1 (3)  God:    Trog [******]
Gold:   1311       SH:  0    Dex: 21      Spells: 24/24 levels left

rFire   + + .        b - +5 battleaxe "Alosikh" {vamp, rElec rF+ Will+ Str+3}
rCold   + + +        (shield currently unavailable)
rNeg    + . .        i - +8 gold dragon scales
rPois   +            (helmet unavailable)
rElec   +            e - +4 dragonskin cloak
rCorr   +            D - +1 pair of gloves
SInv    .            n - +0 pair of boots {rampage}
Will    +++++        q - amulet of the Four Winds {rN+ Will+++ Clar} Stlth
                     K - ring "Davvimorph" {rF+ rC+ rCorr Dex+3}
HPRegen 0.62/turn    c - ring of Fufuh {rF+ Str+3}
MPRegen 0.18/turn

%: clarity, rampage
@: mighty, fire vulnerable, slowed, lost intelligence, studying 2 skills, unable
to read, very slow
A: horns 3, retaliatory headbutt, talons 1, agile 1, cold resistance 1, mutation
resistance 1, noise suppression
}: 3/15 runes: decaying, serpentine, silver
a: Renounce Religion, Berserk, Trog's Hand, Brothers in Arms


You were on level 5 of the Realm of Zot.
You worshipped Trog.
Trog was exalted by your worship.
You visited 9 branches of the dungeon, and saw 46 of its levels.
You also visited: Ice Cave.

You collected 6870 gold pieces.
You spent 5559 gold pieces at shops.

Inventory:

Hand Weapons
 a - a +9 vampiric executioner's axe
 b - the +5 battleaxe "Alosikh" (weapon) {vamp, rElec rF+ Will+ Str+3}
   (You found it on level 2 of the Lair of Beasts)

   Str+3:     It affects your strength (+3).
   rF+:       It protects you from fire.
   rElec:     It insulates you from electricity.
   Will+:     It increases your willpower.
 d - a +0 broad axe of flaming
 A - the +5 battleaxe of Forgiveness {antimagic, ^Drain rElec rF+ rN+}
   (Trog gifted it to you on level 1 of the Depths)

   rF+:       It protects you from fire.
   rElec:     It insulates you from electricity.
   rN+:       It protects you from negative energy.
   ^Drain:    It drains your maximum health when unequipped.
Armour
 e - the +4 dragonskin cloak (worn)
   (You took it off Tiamat on level 2 of the Realm of Zot)

   Avatar's Aegis: It grants the wearer a chance to resist fire, cold, poison,
   electricity, acid, and negative energy.
 i - +8 gold dragon scales (worn)
 n - a +0 pair of boots of rampaging (worn)
 s - the +2 cloak of the Shishi {-Cast Regen+ Dex+3}
   (You bought it in a shop on level 2 of the Orcish Mines)

   Dex+3:     It affects your dexterity (+3).
   -Cast:     It prevents spellcasting.
   Regen+:    It increases your rate of health regeneration.
 D - a +1 pair of gloves (worn)
 G - a +2 hat of see invisible
Jewellery
 c - the ring of Fufuh (right hand) {rF+ Str+3}
   (You found it on level 5 of the Vaults)

   [ring of protection from fire]

   Str+3:     It affects your strength (+3).
   rF+:       It protects you from fire.
 j - a +6 ring of strength
 l - the ring of the Thistle {EV+5 Dex+6}
   (You found it on level 4 of the Lair of Beasts)

   [ring of evasion]

   EV+5:      It affects your evasion (+5).
   Dex+6:     It affects your dexterity (+6).
 o - a ring of flight
 q - the amulet of the Four Winds (around neck) {rN+ Will+++ Clar}
   (You bought it in a shop on level 2 of the Depths)

   [amulet of nothing]

   rN+:       It protects you from negative energy.
   Will+++:   It greatly increases your willpower.
   Clar:      It protects you from confusion, rage, mesmerisation and fear.
 t - an amulet of regeneration
 v - a ring of positive energy
 w - a ring of positive energy
 H - the ring of Qoronoil {rF+ rCorr Dex+3}
   (You found it on level 5 of the Vaults)

   [ring of resist corrosion]

   Dex+3:     It affects your dexterity (+3).
   rF+:       It protects you from fire.
   rCorr:     It protects you from acid and corrosion.
 K - the ring "Davvimorph" (left hand) {rF+ rC+ rCorr Dex+3}
   (You acquired it on level 12 of the Dungeon)

   [ring of protection from cold]

   Dex+3:     It affects your dexterity (+3).
   rF+:       It protects you from fire.
   rC+:       It protects you from cold.
   rCorr:     It protects you from acid and corrosion.
 M - an amulet of reflection
 O - the ring of Qaynac {rC+ Dex+7}
   (You found it on level 1 of the Lair of Beasts)

   [ring of protection from cold]

   Dex+7:     It affects your dexterity (+7).
   rC+:       It protects you from cold.
 Y - a ring of poison resistance
Wands
 y - a wand of flame (52) (quivered)
 E - a wand of polymorph (28)
 L - a wand of light (11)
 P - a wand of iceblast (20)
 Q - a wand of digging (23)
 T - a wand of charming (62)
 Z - a wand of mindburst (13)
Scrolls
 f - 3 scrolls of blinking
 k - 9 scrolls of revelation
 m - 7 scrolls of fog
 F - 2 scrolls of summoning
 N - 17 scrolls of teleportation
 S - 4 scrolls of silence
 V - 7 scrolls of fear
Potions
 g - 5 potions of invisibility
 u - 20 potions of curing
 x - 4 potions of resistance
 z - 10 potions of heal wounds
 C - 6 potions of enlightenment
 I - 6 potions of haste
 J - 3 potions of mutation
 R - 3 potions of cancellation
 U - 8 potions of ambrosia
Miscellaneous
 h - a phantom mirror (inert)
 p - a phial of floods (inert)
 r - a lightning rod (4/4)
 W - a box of beasts
 X - a condenser vane (inert)


   Skills:
 O Level 27 Fighting
 + Level 26.6 Axes
 O Level 27 Armour
 + Level 26.0 Dodging
 + Level 15.8 Evocations


You had 24 spell levels left.
You didn't know any spells.
Your spell library was empty.

Dungeon Overview and Level Annotations

Branches:
Dungeon (15/15)            Temple (0/1) D:4            Lair (5/5) D:9
  Swamp (4/4) Lair:2        Snake (4/4) Lair:3        Slime (0/5) Lair:4
    Orc (2/2) D:12            Elf (2/3) Orc:2        Vaults (5/5) D:13
  Crypt (0/3) Vaults:2     Depths (4/4) D:15            Zot (5/5) Depths:4
  IceCv (visited)

Altars:
Cheibriados
Kikubaaqudgha
Makhleb
Okawaru
Qazlal
Ru
Trog
Vehumet
Yredelemnul
Zin
The Shining One
Jiyva

Shops:
D:10 =   D:11 *   D:15 :   Orc:1 *   Orc:2 [?!(   Elf:1 (   Elf:2 *   Snake:2 *
Snake:3 ((((   Vaults:2 *?[[:   Vaults:4 =   Depths:2 ?=:=

Portals:
Hell: Depths:1 Depths:2 Depths:3 Depths:4
Abyss: Depths:1 Depths:3
Pandemonium: Depths:2
Ziggurat: Depths:3
Trove: D:10 (lose all piety)

Annotations:
D:12 exclusion: ice statue
Lair:3 exclusion: oklob plant
Vaults:4 3 runed translucent doors, heteroy's ghost, veteran GrEE
Zot:3 2 transporters, exclusion: orange crystal statue
Zot:4 3 runed translucent doors, Laevaasch's ghost, legendary GnFE


Innate Abilities, Weirdness & Mutations

You have a pair of large horns on your head.
You reflexively headbutt those who attack you in melee.
You have sharp toenails.
You are agile. (Dex +4, Str/Int -1)
Your flesh is cold resistant. (rC+)
You are somewhat resistant to further mutation.
You passively dampen the noise of your surroundings.


Message History

Your iron troll bites the Killer Klown!!
Your iron troll claws the Killer Klown!!!
The Killer Klown dies!
Trog accepts your kill.
You hear a splash.
You hear some strange, mumbled words.
The white draconian hits you but does no damage.
The protean progenitor is engulfed in blazing flames.
The Killer Klown is engulfed in poison gas.
The Killer Klown is poisoned.
You cannot read scrolls in your current state!
Your unstable footing causes you to fumble your attack.
The Orb Guardian is engulfed in acidic fog.
The electric golem closely misses you. You furiously retaliate!
You headbutt the electric golem! The electric golem closely misses you.
The electric golem hits you but does no damage. x2
The Killer Klown splashes around in the water.
The Orb Guardian is engulfed in excruciating misery.
The Orb Guardian is engulfed in blazing flames.
The Orb Guardian completely misses you. You furiously retaliate!
You headbutt the Orb Guardian!
You kill the Orb Guardian!
Trog accepts your kill.
The protean progenitor barely misses you.
You furiously retaliate!
You headbutt the protean progenitor!
The white draconian stormcaller completely misses you.
You furiously retaliate!
You headbutt the white draconian stormcaller!
Your iron troll bites the protean progenitor!!
Your iron troll claws the protean progenitor.
Your iron troll closely misses the protean progenitor.
The white draconian hits you but does no damage.
The white draconian is engulfed in freezing vapours.
The Orb Guardian is engulfed in acidic fog.
The Orb Guardian seems to be corroded for longer.
The electric golem hits you!
* * * LOW HITPOINT WARNING * * *
The electric golem shocks you. You resist.
* * * LOW HITPOINT WARNING * * *
The electric golem misses you. The electric golem hits you!
You die...

**,,,,,,§,,,,,,,,,,,
**,..§.§.,,,,,,,,**
▓▓§§§..##▓▓▓▓▓▓▓▓▓
##§§§§§§§..........
##.§p§§§§....^....##
##§§§~~§§...........#
#^.~§Cdd§.....^......
#.TCd*X§§...^........
#.§~@*X§§..........^.
#.§pq9§§.............
#.§p§§§..............
#....................
##..........^.......#
##................##
##..............##
********################
*,,,,,,,,,,,,,,,* *,*


You could see 2 orbs of fire, 3 Killer Klowns, an electric golem, a red
draconian (corroded), 2 draconians, a white draconian stormcaller (waterlogged),
2 Orb Guardians, 2 protean progenitors and a friendly iron troll (summoned,
berserk).

Vanquished Creatures
  3 dread liches
  Tiamat (Zot:2)
  3 orbs of fire
  An ancient lich (Vaults:3)
  Mara (Vaults:3)
  A juggernaut (Depths:2)
  Vv (Depths:2)
  Josephina (Depths:2)
  6 curse toes
  Nikola (Swamp:1)
  8 golden dragons
  3 electric golems
  Zenata (Vaults:3)
  20 tentacled monstrosities
  Jorgrun (Swamp:2)
  Mlioglotl (Swamp:4)
  A walking crystal tome (Depths:3)
  Asterion (Elf:1)
  4 liches
  13 Orb Guardians (Zot:5)
  4 quicksilver dragons
  A walking frostbound tome (Depths:3)
  2 titans
  8 sphinxes
  Gastronok (Lair:1)
  6 death cobs
  16 shadow dragons
  3 thorn hunters
  17 storm dragons
  Kirke (D:15)
  Agnes (Snake:3)
  4 tengu reavers
  Aizul (Snake:2)
  6 draconian monks
  5 protean progenitors
  8 draconian knights
  16 nagarajas
  6 fire giants
  3 iron dragons
  6 frost giants
  16 vault wardens
  4 deep elf sorcerers
  7 draconian scorchers
  7 draconian shifters
  Louise (Swamp:1)
  The ghost of Suckerboh the Imperceptible, an adept KoBr of Dithmenos (Snake:1)
  4 ghost moths
  A deep elf elementalist (Elf:1)
  7 orc warlords
  5 draconian stormcallers
  24 ironbound preservers
  A curse skull (Vaults:2)
  5 spriggan defenders
  A ghoul (Zot:2)
  14 stone giants
  A caustic shrike skeleton (Depths:1)
  22 very ugly things
  8 draconian annihilators
  A deep elf demonologist (Vaults:5)
  3 formless jellyfish (Vaults:4)
  3 deep elf death magi
  4 ironbound thunderhulks
  3 vampire knights
  11 yellow draconians
  3 deep elf annihilators
  15 black draconians
  8 bunyips
  5 dire elephants (Vaults:1)
  The ghost of Arcadio the Stormcaller, a journeyman TeAE of Sif Muna (D:11)
  14 green draconians
  13 purple draconians
  9 white draconians
  14 red draconians
  9 eleionomae
  7 spark wasps
  3 war gargoyles (Vaults:5)
  A green death (Zot:2)
  Snorg (Lair:3)
  8 fire dragons
  3 jiangshi (Depths:1)
  A crystal guardian (Vaults:1)
  12 ettins
  5 great orbs of eyes
  4 ice dragons
  13 yaktaur captains
  An entropy weaver (Vaults:4)
  2 catoblepae
  A deep elf high priest (Vaults:5)
  35 vault guards
  23 hydras
  2 peacekeepers
  2 salamander tyrants (Snake:4)
  14 alligators
  4 rakshasas
  A servant of whispers (Elf:2)
  4 spriggan air magi
  12 anacondas
  2 ghost crabs
  8 centaur warriors
  8 tengu warriors
  7 ogre magi
  7 ironbound frosthearts
  27 two-headed ogres
  30 dancing weapons
  2 satyrs (Zot:5)
  4 deep troll shamans
  A two-headed ogre (shapeshifter) (Elf:2)
  8 boulder beetles
  23 naga warriors
  A vampire mage (Depths:1)
  5 deep troll earth magi
  4 spriggan berserkers
  7 hell knights
  3 occultists
  18 naga sharpshooters
  9 shock serpents
  16 spriggans
  4 orc high priests
  A sun demon (Depths:2)
  A skyshark (shapeshifter) (Vaults:5)
  19 deep elf knights
  A shadow wraith (Vaults:3)
  5 iron trolls
  44 deep trolls
  4 glowing orange brains
  5 salamander mystics
  A skyshark (Lair:5)
  A sun moth (shapeshifter) (Vaults:5)
  16 mana vipers
  17 swamp dragons
  4 goliath frogs
  An orb spider (shapeshifter) (Vaults:5)
  10 deep elf archers
  7 spriggan druids
  A flayed ghost (Depths:2)
  6 naga ritualists
  4 arcanists
  9 bog bodies
  3 sun moths (Zot:2)
  9 harpies
  15 ironbound convokers
  A lindwurm (shapeshifter) (Vaults:5)
  A steelbarb worm (shapeshifter) (Vaults:4)
  26 deep elf zephyrmancers
  25 deep elf pyromancers
  4 phantasmal warriors
  A harpy (shapeshifter) (D:15)
  14 orc knights
  8 lindwurms
  23 salamanders
  6 necromancers
  A shining eye (shapeshifter) (D:15)
  2 tengu skeletons (Depths:1)
  4 orc sorcerers
  41 ugly things
  8 cyclopes
  6 manticores
  A wolf spider (D:14)
  8 elephants (Lair:2)
  2 will-o-the-wisps (Swamp:2)
  21 moths of wrath
  An ice statue (IceCv)
  17 vault sentinels
  A kobold blastminer (Orc:2)
  7 guardian serpents
  29 black mambas
  6 gargoyles
  22 naga magi
  A frost giant skeleton (Depths:1)
  23 cane toads
  2 large abominations (Zot:2)
  A cane toad (shapeshifter) (D:14)
  Maggie (D:8)
  33 yaktaurs
  A yaktaur (shapeshifter) (Vaults:5)
  Jeremiah (Lair:1)
  A spriggan zombie (Depths:1)
  3 unseen horrors (D:11)
  An anaconda simulacrum (IceCv)
  10 komodo dragons
  A freezing wraith (Vaults:3)
  9 tengu conjurers
  5 rime drakes
  6 ice devils (IceCv)
  An efreet (D:10)
  3 merfolk (Zot:3)
  2 bloated husks
  8 trolls
  A tarantella (shapeshifter) (Vaults:5)
  12 hornets
  8 tyrant leeches
  2 tengu simulacra (Depths:2)
  2 polar bears
  A queen bee (Orc:1)
  2 saltlings (Elf:2)
  21 slime creatures
  An iron dragon simulacrum (Depths:2)
  5 dream sheep (Lair:4)
  28 blink frogs
  A slime creature (shapeshifter) (Vaults:5)
  2 centaur simulacra
  33 yaks
  3 shadows
  10 water elementals
  An air elemental (Elf:1)
  A vampire (D:12)
  A ynoxinul (D:11)
  A dire elephant simulacrum (IceCv)
  4 basilisks
  A fire elemental (Elf:1)
  2 wraiths
  A culicivora (shapeshifter) (Elf:1)
  A human (D:12)
  4 hogs
  6 wyverns
  3 wargs
  A hog (shapeshifter) (Elf:1)
  A redback (Vaults:4)
  A spriggan simulacrum (Depths:2)
  18 vampire mosquitoes
  A redback (shapeshifter) (Depths:4)
  6 harpy simulacra (IceCv)
  43 nagas
  21 swamp worms
  2 hydra simulacra (IceCv)
  A swamp worm (shapeshifter) (Vaults:5)
  Duvessa (D:4)
  12 water moccasins
  3 acid dragons
  A glowing shapeshifter skeleton (Vaults:4)
  7 black bears
  6 swamp drakes
  A sky beast (D:7)
  An ettin simulacrum (Depths:2)
  23 orc warriors
  An ice beast (D:6)
  A laughing skull (D:14)
  30 ogres
  14 centaurs
  8 wolves
  A wolf (shapeshifter) (D:10)
  3 kobold brigands
  25 bullfrogs
  A human zombie (Vaults:4)
  2 earth elementals (Elf:2)
  A human skeleton (Vaults:4)
  2 scorpions
  12 wights
  Dowan (D:4)
  32 killer bees
  A vampire bat (Lair:1)
  5 howler monkeys
  8 electric eels
  2 bombardier beetles
  7 jellies
  A gnoll bouda (D:9)
  6 hounds
  21 orc priests
  Crazy Yiuf (D:3)
  2 sleepcaps
  14 orc wizards
  5 hell rats (Lair:1)
  A polar bear simulacrum (Lair:2)
  2 wolf simulacra (IceCv)
  4 gnolls (D:9)
  6 adders
  A naga simulacrum (IceCv)
  2 white imps
  The ghost of Goblin1989 the Sneak, a weakling DsDe (D:7)
  7 dart slugs
  2 ribbon worms
  69 orcs
  15 bats
  11 endoplasms
  3 giant cockroaches
  4 goblins
  9 hobgoblins
  5 jackals
  2 quokkas
  6 ball pythons
  2 frilled lizards
  11 kobolds
  7 rats
2053 creatures vanquished.

Vanquished Creatures (collateral kills)
  A curse toe (Zot:2)
  A Killer Klown (Zot:5)
  A golden dragon (Zot:5)
  A storm dragon (Zot:4)
  A draconian shifter (Zot:5)
  A draconian annihilator (Zot:4)
  A red draconian (Zot:2)
  A black draconian (Zot:5)
  A yellow draconian (Zot:2)
  A hell knight (Depths:3)
  An ugly thing (Depths:3)
11 creatures vanquished.

Vanquished Creatures (others)
  A golden dragon (Zot:4)
  2 draconian knights
  A vault warden (Vaults:1)
  A draconian scorcher (Zot:4)
  A very ugly thing (Depths:3)
  A red draconian (Zot:4)
  2 yellow draconians
  A vampire mage (Depths:1)
  A moth of wrath (Zot:4)
  2 bloated husks
  A saltling (Elf:2)
  2 humans (D:15)
  6 foxfires (Swamp:2)
22 creatures vanquished.

Grand Total: 2086 creatures vanquished

Notes
Turn   | Place    | Note
-------+----------+-------------------------------------------
     0 | D:1      | mabla the Minotaur Berserker began the quest for the Orb.
     0 | D:1      | Reached XP level 1. HP: 19/19 MP: 0/0
    73 | D:1      | Reached XP level 2. HP: 19/27 MP: 1/1
   342 | D:1      | Reached ** piety under Trog
   349 | D:1      | Reached XP level 3. HP: 33/33 MP: 2/2
  1382 | D:2      | Found a faded altar of an unknown god.
  1411 | D:2      | Reached XP level 4. HP: 36/41 MP: 3/3
  1847 | D:3      | Reached *** piety under Trog
  1900 | D:3      | Reached XP level 5. HP: 44/47 MP: 4/4
  2089 | D:3      | Found a runed translucent door.
  2090 | D:3      | Noticed Crazy Yiuf
  2315 | D:3      | Killed Crazy Yiuf
  2671 | D:4      | Reached skill level 5 in Fighting
  2671 | D:4      | Reached skill level 5 in Axes
  2671 | D:4      | Reached XP level 6. HP: 46/56 MP: 5/5
  2768 | D:4      | Found a staircase to the Ecumenical Temple.
  2995 | D:4      | Noticed Duvessa
  3015 | D:4      | Killed Duvessa
  3032 | D:4      | Noticed Dowan
  3039 | D:4      | Killed Dowan
  3099 | D:4      | Found a stormy altar of Qazlal.
  3394 | D:5      | Entered Level 5 of the Dungeon
  3527 | D:5      | Reached skill level 5 in Armour
  3527 | D:5      | Reached XP level 7. HP: 42/62 MP: 6/6
  3736 | D:5      | Found an ancient bone altar of Kikubaaqudgha.
  3827 | D:5      | Reached XP level 8. HP: 78/78 MP: 7/7
  4793 | D:6      | Reached **** piety under Trog
  5039 | D:7      | Found a basalt altar of Yredelemnul.
  5169 | D:7      | Reached XP level 9. HP: 82/83 MP: 8/8
  5301 | D:7      | Reached skill level 10 in Fighting
  5301 | D:7      | Reached skill level 10 in Axes
  5997 | D:7      | Found a runed translucent gate.
  6011 | D:7      | Found a runed translucent gate.
  6011 | D:7      | Found a runed translucent gate.
  6012 | D:7      | Noticed Goblin1989's ghost (weakling DsDe)
  6242 | D:7      | Killed Goblin1989's ghost
  6458 | D:8      | Reached skill level 10 in Armour
  6470 | D:8      | Noticed Maggie
  6485 | D:8      | Killed Maggie
  6613 | D:8      | Reached XP level 10. HP: 94/94 MP: 9/9
  6790 | D:8      | Reached ***** piety under Trog
  6814 | D:8      | Found a glowing golden altar of the Shining One.
  7455 | D:9      | Reached skill level 1 in Evocations
  7553 | D:9      | Found a staircase to the Lair.
  8521 | D:9      | Found a radiant altar of Vehumet.
  8521 | D:9      | Found a bloodstained altar of Trog.
  8728 | D:9      | Found a sacrificial altar of Ru.
  8862 | D:10     | Entered Level 10 of the Dungeon
  8868 | D:10     | Noticed a two-headed ogre
  8877 | D:10     | Killed a two-headed ogre
  8931 | D:10     | Found a portal to a secret trove of treasure.
  9242 | D:10     | Reached skill level 10 in Dodging
  9456 | D:10     | Identified the +8 flail of Ollaonn {venom, Str+4 Dex+3
                  | SInv}
  9601 | D:10     | Reached XP level 11. HP: 83/102 MP: 10/10
 10036 | D:10     | Found Circhixta's Jewellery Shoppe.
 10040 | D:10     | Noticed a deep elf pyromancer
 10052 | D:10     | Killed a deep elf pyromancer
 10116 | D:10     | Noticed a deep elf pyromancer
 10124 | D:10     | Killed a deep elf pyromancer
 10660 | D:11     | Noticed a boulder beetle
 10740 | D:11     | Found Zin's Purification Station.
 10744 | D:11     | Found a glowing silver altar of Zin.
 10792 | D:11     | Found a runed translucent door.
 10792 | D:11     | Noticed Arcadio's ghost (journeyman TeAE)
 10833 | D:11     | Received a gift from Trog
 10965 | D:11     | Noticed a brown ugly thing
 10985 | D:11     | Killed a brown ugly thing
 11772 | D:11     | Reached XP level 12. HP: 98/113 MP: 11/11
 11975 | D:11     | Killed Arcadio's ghost
 12520 | D:12     | Noticed a two-headed ogre
 12549 | D:11     | Killed a two-headed ogre
 12923 | D:12     | Found a staircase to the Orcish Mines.
 13053 | D:12     | Noticed a two-headed ogre
 13073 | D:12     | Killed a two-headed ogre
 13198 | D:12     | Reached skill level 5 in Evocations
 13542 | D:12     | Identified a scroll of acquirement
 13542 | D:12     | Acquired the ring "Davvimorph" {rF+ rC+ rCorr Dex+3}
 13742 | Lair:1   | Entered Level 1 of the Lair of Beasts
 14036 | Lair:1   | Identified the ring of Qaynac {rC+ Dex+7}
 14062 | Lair:1   | Noticed Gastronok
 14125 | Lair:1   | Noticed Jeremiah
 14145 | Lair:1   | Killed Jeremiah
 14243 | Lair:1   | Killed Gastronok
 14496 | Lair:1   | Reached XP level 13. HP: 115/122 MP: 12/12
 15131 | Lair:1   | Identified the +11 battleaxe "Facig" {heavy, rCorr Str+2}
                  | (Trog gifted it to you on level 1 of the Lair of Beasts)
 15131 | Lair:1   | Received a gift from Trog
 15655 | Lair:2   | Identified the +5 battleaxe "Alosikh" {vamp, rElec rF+
                  | Will+ Str+3}
 15918 | Lair:2   | Found a frozen archway.
 15929 | IceCv    | Entered an ice cave
 16624 | Lair:2   | Found a staircase to the Swamp.
 17699 | Orc:1    | Entered Level 1 of the Orcish Mines
 17858 | Orc:1    | Reached ****** piety under Trog
 17870 | Orc:1    | Received a gift from Trog
 18083 | Orc:1    | Found Bygea's General Store.
 18087 | Orc:1    | Bought a scroll of enchant weapon for 127 gold pieces
 18087 | Orc:1    | Bought a scroll of teleportation for 51 gold pieces
 18930 | Lair:3   | Reached XP level 14. HP: 114/133 MP: 13/13
 19049 | Lair:3   | Found a staircase to the Snake Pit.
 19794 | Lair:4   | Noticed Snorg
 19814 | Lair:3   | Killed Snorg
 19814 | Lair:3   | Received a gift from Trog
 19879 | Lair:4   | Found a transporter.
 20166 | D:13     | Reached skill level 15 in Axes
 20229 | D:13     | Reached skill level 15 in Fighting
 20878 | D:13     | Identified the staff "Zupnuubb" {rC+ Dex+3 Fire Ice}
 21146 | Lair:4   | Identified the +7 falchion of the Disbelieving Gods {heavy,
                  | Dex+2}
 21290 | Lair:4   | Reached skill level 15 in Armour
 21300 | Lair:4   | Found a transporter.
 21503 | Lair:4   | Found a viscous altar of Jiyva.
 21503 | Lair:4   | Found a staircase to the Slime Pits.
 21824 | Lair:5   | Entered Level 5 of the Lair of Beasts
 21944 | Lair:5   | Received a gift from Trog
 23554 | D:10     | Bought a ring of flight for 245 gold pieces
 24038 | Lair:4   | Identified the ring of the Thistle {EV+5 Dex+6}
 24557 | D:12     | Reached XP level 15. HP: 43/143 MP: 14/14
 24953 | D:13     | Found a gate to the Vaults.
 25662 | Orc:2    | Entered Level 2 of the Orcish Mines
 25735 | Orc:2    | Received a gift from Trog
 26044 | Orc:2    | Reached skill level 15 in Dodging
 26058 | Orc:2    | Found Ewkog's Armour Shoppe.
 26058 | Orc:2    | Found Xukoup's Distillery.
 26059 | Orc:2    | Found Waucs's Magic Scroll Boutique.
 26059 | Orc:2    | Found Coxin's Antique Weapon Emporium.
 26067 | Orc:2    | Bought a scroll of blinking for 105 gold pieces
 26067 | Orc:2    | Bought a scroll of teleportation for 42 gold pieces
 26067 | Orc:2    | Bought a scroll of teleportation for 42 gold pieces
 26069 | Orc:2    | Bought a potion of heal wounds for 90 gold pieces
 26069 | Orc:2    | Bought a potion of heal wounds for 90 gold pieces
 26069 | Orc:2    | Bought a potion of heal wounds for 90 gold pieces
 26074 | Orc:2    | Found a staircase to the Elven Halls.
 26868 | Orc:2    | Bought the +2 cloak of the Shishi {-Cast Regen+ Dex+3} for
                  | 332 gold pieces
 26880 | Orc:2    | Bought a scroll of enchant weapon for 105 gold pieces
 26880 | Orc:2    | Bought a scroll of silence for 133 gold pieces
 27672 | D:14     | Found a runed translucent door.
 27809 | D:14     | Received a gift from Trog
 28089 | D:14     | Identified the +2 leather armour "Fiov" {Int+3}
 28114 | D:15     | Entered Level 15 of the Dungeon
 28141 | D:15     | Found Kilog's Book Emporium.
 28223 | D:15     | Reached XP level 16. HP: 151/154 MP: 15/15
 28514 | D:15     | Noticed Kirke
 28527 | D:15     | Killed Kirke
 28775 | D:15     | Found a staircase to the Depths.
 29257 | Swamp:1  | Entered Level 1 of the Swamp
 29504 | Swamp:1  | Received a gift from Trog
 29574 | Swamp:1  | Reached skill level 10 in Evocations
 29696 | Swamp:1  | Noticed Nikola
 29730 | Swamp:1  | Killed Nikola
 29731 | Swamp:1  | Noticed Louise
 29749 | Swamp:1  | Killed Louise
 30074 | Swamp:2  | Noticed a thorn hunter
 30088 | Swamp:2  | Noticed Jorgrun
 30094 | Swamp:1  | Killed a thorn hunter
 30167 | Swamp:2  | Killed Jorgrun
 30711 | Swamp:2  | You fall into a shaft and drop 1 floor!
 30712 | Swamp:3  | Noticed a thorn hunter
 30737 | Swamp:3  | Killed a thorn hunter
 31098 | Swamp:2  | Reached XP level 17. HP: 159/163 MP: 16/16
 31533 | Swamp:3  | Received a gift from Trog
 31747 | Swamp:4  | Entered Level 4 of the Swamp
 32406 | Swamp:4  | Noticed Mlioglotl
 32417 | Swamp:4  | Killed Mlioglotl
 33111 | Swamp:4  | Received a gift from Trog
 33475 | Swamp:4  | Got a decaying rune of Zot
 33619 | Snake:1  | Entered Level 1 of the Snake Pit
 33658 | Snake:1  | Noticed Suckerboh's ghost (adept KoBr)
 33699 | Snake:1  | Found a runed translucent gate.
 33699 | Snake:1  | Found a runed translucent gate.
 33699 | Snake:1  | Found a runed translucent gate.
 34504 | Snake:1  | Identified the +1 scale mail "Yteonluh" {Rampage rElec
                  | Will- Int+5}
 34523 | Snake:1  | Received a gift from Trog
 34549 | Snake:1  | Reached XP level 18. HP: 167/176 MP: 17/17
 35457 | Snake:2  | Identified the serpent talisman "Wedocuts" {rF+ rC+ Will+
                  | MP+9}
 35457 | Snake:2  | Noticed Aizul
 35483 | Snake:2  | Killed Aizul
 36355 | Snake:2  | Found Oroveiqe's General Store.
 36359 | Snake:2  | Bought a wand of flame (4) for 53 gold pieces
 36359 | Snake:2  | Bought a potion of heal wounds for 95 gold pieces
 36359 | Snake:2  | Bought a wand of flame (3) for 39 gold pieces
 37099 | Snake:2  | Received a gift from Trog
 38029 | Snake:3  | Found Taaniap's Antique Weapon Boutique.
 38029 | Snake:3  | Found Neupugij's Antique Weapon Shop.
 38035 | Snake:3  | Found Bireanoc's Antique Weapon Boutique.
 38042 | Snake:3  | Found Meim's Antique Weapon Shop.
 38553 | Snake:4  | Entered Level 4 of the Snake Pit
 39223 | Snake:4  | Received a gift from Trog
 39449 | Snake:4  | Noticed Agnes
 39465 | Snake:3  | Killed Agnes
 39572 | Snake:4  | Reached XP level 19. HP: 183/187 MP: 18/18
 39950 | Snake:4  | Received a gift from Trog
 40515 | Snake:4  | Got a serpentine rune of Zot
 40912 | Snake:1  | Killed Suckerboh's ghost
 40966 | Snake:1  | Identified the ring "Notaj" {Int+4 Dex+2 SInv}
 41149 | Vaults:1 | Entered Level 1 of the Vaults
 41434 | Vaults:1 | Received a gift from Trog
 43096 | Vaults:2 | Found Yvinn's Armour Shop.
 43104 | Vaults:2 | Bought a +2 plate armour of willpower for 640 gold pieces
 43198 | Vaults:2 | Received a gift from Trog
 43443 | Vaults:2 | Found a staircase to the Crypt.
 43771 | Vaults:2 | Reached XP level 20. HP: 194/198 MP: 19/19
 44105 | Vaults:2 | Identified the +4 great sword of the Living Dead {heavy,
                  | rF+ SInv}
 44117 | Vaults:2 | Received a gift from Trog
 44148 | Vaults:2 | Found Deruotuy's Armour Shop.
 44289 | Vaults:2 | Found Tuiskiatt's Book Boutique.
 44353 | Vaults:2 | Found Wiatz's Magic Scroll Boutique.
 44365 | Vaults:2 | Bought a scroll of teleportation for 51 gold pieces
 44365 | Vaults:2 | Bought a scroll of enchant armour for 127 gold pieces
 44365 | Vaults:2 | Bought a scroll of enchant armour for 127 gold pieces
 44376 | Vaults:2 | Found Edghakk's General Store.
 45844 | Vaults:3 | Noticed Zenata
 45857 | Vaults:3 | Killed Zenata
 46168 | Vaults:3 | Noticed Mara
 46169 | Vaults:3 | Noticed mabla's illusion
 46243 | Vaults:3 | Noticed mabla's illusion
 46314 | Vaults:3 | Killed Mara
 46415 | Vaults:3 | Noticed an ancient lich
 46445 | Vaults:3 | Killed an ancient lich
 46467 | Vaults:3 | Identified the +0 plate armour of Zin's Respect {*Slow rN++
                  | Str+7}
 46468 | Vaults:3 | Identified the +6 glaive of the Open Hand {freeze, rElec
                  | rF- Str+3 Int+3}
 46526 | Vaults:3 | Identified the +0 whip of Debt {flame, rC+}
 46681 | Vaults:3 | Received a gift from Trog
 47422 | Vaults:4 | Paralysed by a formless jellyfish for 1 turns
 47841 | Vaults:4 | Identified the +3 ring mail "Kare" {Int+6}
 47847 | Vaults:4 | Found a runed translucent gate.
 47847 | Vaults:4 | Found a runed translucent gate.
 47848 | Vaults:4 | Found a runed translucent gate.
 47848 | Vaults:4 | Noticed heteroy's ghost (veteran GrEE)
 47992 | Vaults:4 | Identified the +2 broad axe of Certain Death {heavy, rF+
                  | Will- Dex+2 Stlth+} (Trog gifted it to you on level 4 of
                  | the Vaults)
 47992 | Vaults:4 | Received a gift from Trog
 48075 | Vaults:4 | Found Fenus's Jewellery Emporium.
 48415 | Vaults:4 | Reached XP level 21. HP: 210/210 MP: 20/20
 49353 | Elf:1    | Entered Level 1 of the Elven Halls
 49488 | Elf:1    | Found Natuj's Antique Weapon Emporium.
 49528 | Elf:1    | Received a gift from Trog
 49866 | Elf:1    | Paralysed by an air elemental for 1 turns
 50105 | Elf:1    | Noticed Asterion
 50112 | Elf:1    | Killed Asterion
 50725 | Elf:2    | Received a gift from Trog
 51025 | Elf:2    | Received a gift from Trog
 51055 | Elf:2    | Found a huge runed translucent gate.
 51055 | Elf:2    | Found a huge runed translucent gate.
 51055 | Elf:2    | Found a huge runed translucent gate.
 51059 | Elf:2    | Found a huge runed translucent gate.
 51063 | Elf:2    | Found a huge runed translucent gate.
 51284 | Elf:2    | Found a crumbling gateway.
 51444 | Elf:2    | Found Cetadoames's CLEARANCE SALE!.
 52437 | Vaults:5 | Entered Level 5 of the Vaults
 52715 | Vaults:5 | Noticed a golden dragon
 52733 | Vaults:5 | Killed a golden dragon
 52790 | Vaults:5 | Reached XP level 22. HP: 222/222 MP: 21/21
 52804 | Vaults:5 | Got a silver rune of Zot
 52993 | Vaults:5 | Received a gift from Trog
 53354 | Vaults:5 | Identified the +0 helmet "Duupret" {Slay+2}
 53355 | Vaults:5 | Identified the +5 dagger of Causality {distort, rElec
                  | Dex+5}
 53366 | Vaults:5 | Identified the +8 halberd "Zeutenus" {vamp, rElec}
 53371 | Vaults:5 | Noticed a dread lich
 53389 | Vaults:5 | Killed a dread lich
 53611 | Vaults:5 | Received a gift from Trog
 53828 | Vaults:5 | Identified the +2 robe "Purorgh" {Int+2}
 54077 | Vaults:5 | Identified the ring of Qoronoil {rF+ rCorr Dex+3}
 54134 | Vaults:5 | Identified the staff "Moutz" {rN+ Necro Earth}
 54330 | Vaults:5 | Identified the ring of Fufuh {rF+ Str+3}
 54333 | Vaults:5 | Identified the +3 plate armour of Least Resistance {rF-
                  | Int+5}
 55147 | Depths:1 | Entered Level 1 of the Depths
 55217 | Depths:1 | Identified the +5 battleaxe of Forgiveness {antimagic,
                  | ^Drain rElec rF+ rN+} (Trog gifted it to you on level 1 of
                  | the Depths)
 55217 | Depths:1 | Received a gift from Trog
 55453 | Depths:1 | Found a gateway to Hell.
 55856 | Depths:1 | Identified the +1 orcbow of Moderation {speed, Str+3}
 55907 | Depths:1 | Found an iron altar of Okawaru.
 55970 | Depths:1 | Found a one-way gate to the infinite horrors of the Abyss.
 56366 | Depths:2 | Found Lauqyozu's Magic Scroll Shop.
 56368 | Depths:2 | Noticed Vv
 56403 | Depths:2 | Killed Vv
 56520 | Depths:2 | Received a gift from Trog
 56529 | Depths:2 | Bought a scroll of teleportation for 54 gold pieces
 56529 | Depths:2 | Bought a scroll of silence for 171 gold pieces
 56551 | Depths:2 | You fall into a shaft and drop 1 floor!
 56570 | Depths:3 | Reached XP level 23. HP: 229/230 MP: 22/22
 56772 | Depths:2 | Found a one-way gate leading to the halls of Pandemonium.
 56814 | Depths:2 | Identified the ring of Ythroc Ehar {Ice ^Contam Int+4 SInv}
 56814 | Depths:2 | Noticed Josephina
 56833 | Depths:2 | Killed Josephina
 56914 | Depths:2 | Noticed a juggernaut
 56930 | Depths:2 | Killed a juggernaut
 57429 | Depths:2 | Found Doanaath's Jewellery Emporium.
 57429 | Depths:2 | Found Nuit Weo's Book Boutique.
 57430 | Depths:2 | Found Veyng's Jewellery Emporium.
 57437 | Depths:2 | Bought a manual of Axes for 1840 gold pieces
 57447 | Depths:2 | Bought the amulet of the Four Winds {rN+ Will+++ Clar} for
                  | 910 gold pieces
 57447 | Depths:2 | Found the amulet of the Four Winds {rN+ Will+++ Clar}
 57489 | Depths:2 | Received a gift from Trog
 57688 | Depths:2 | Found a burning altar of Makhleb.
 58139 | Depths:3 | Found a one-way gateway to a ziggurat.
 58858 | Depths:3 | Noticed a dread lich
 58878 | Depths:3 | Killed a dread lich
 59034 | Depths:3 | Found the macabre finger necklace {Finger+ rN+}
 59223 | Depths:3 | Received a gift from Trog
 59250 | Depths:3 | Found a snail-covered altar of Cheibriados.
 60111 | Depths:4 | Entered Level 4 of the Depths
 60507 | Depths:4 | Identified the +10 sling of the Holding Badger {heavy,
                  | rPois rC- rN+ Str+5}
 60806 | Depths:4 | Found a gate to the Realm of Zot.
 61129 | Zot:1    | Entered Level 1 of the Realm of Zot
 61149 | Depths:4 | Reached XP level 24. HP: 245/245 MP: 22/22
 61254 | Zot:1    | Received a gift from Trog
 62569 | Zot:2    | Found the +4 dragonskin cloak
 62569 | Zot:2    | Noticed Tiamat
 62602 | Zot:2    | Killed Tiamat
 62602 | Zot:2    | Received a gift from Trog
 63257 | Zot:2    | Identified the +1 pair of boots "Siesk" {Will- Dex+3}
 64737 | Zot:3    | Found a transporter.
 64819 | Zot:3    | Received a gift from Trog
 64852 | Zot:3    | Reached skill level 27 in Fighting
 64976 | Zot:3    | Reached XP level 25. HP: 207/257 MP: 22/22
 65411 | Zot:3    | Found a transporter.
 65462 | Zot:3    | Reached skill level 27 in Armour
 65525 | Zot:3    | Noticed an orb of fire
 65525 | Zot:3    | Gained mutation: Your magical capacity is low. (-10% MP)
                  | [an orb of fire]
 65540 | Zot:3    | Gained mutation: Your body sometimes deteriorates upon
                  | taking damage. [an orb of fire]
 65542 | Zot:3    | Killed an orb of fire
 65999 | Zot:4    | Noticed an orb of fire
 66007 | Zot:4    | Gained mutation: You have hidden genetic defects. [an orb
                  | of fire]
 66013 | Zot:4    | Gained mutation: You occasionally lose the ability to read
                  | scrolls when taking damage. [an orb of fire]
 66020 | Zot:4    | Gained mutation: Your spells are a little easier to cast,
                  | but a little less powerful. [an orb of fire]
 66021 | Zot:4    | Killed an orb of fire
 66788 | Zot:4    | Noticed an orb of fire
 66961 | Zot:4    | Gained mutation: You occasionally lose the ability to drink
                  | potions when taking damage. [hidden defects]
 66963 | Zot:4    | Reached skill level 15 in Evocations
 66982 | Zot:4    | Lost mutation: Your body sometimes deteriorates upon taking
                  | damage. [potion of mutation]
 66982 | Zot:4    | Lost mutation: Your magical capacity is low. (-10% MP)
                  | [potion of mutation]
 66982 | Zot:4    | Gained mutation: You sometimes lose the ability to drink
                  | potions when taking damage. [potion of mutation]
 66983 | Zot:4    | Lost mutation: You sometimes lose the ability to drink
                  | potions when taking damage. [potion of mutation]
 66983 | Zot:4    | Lost mutation: You have hidden genetic defects. [potion of
                  | mutation]
 66983 | Zot:4    | Gained mutation: You have supernaturally acute eyesight.
                  | (SInv) [potion of mutation]
 66983 | Zot:4    | Gained mutation: You have sharp fingernails. [potion of
                  | mutation]
 66984 | Zot:4    | Lost mutation: Your spells are a little easier to cast, but
                  | a little less powerful. [potion of mutation]
 66984 | Zot:4    | Lost mutation: You have sharp fingernails. [potion of
                  | mutation]
 66984 | Zot:4    | Lost mutation: You occasionally lose the ability to drink
                  | potions when taking damage. [potion of mutation]
 66984 | Zot:4    | Gained mutation: You are agile. (Dex +4, Str/Int -1)
                  | [potion of mutation]
 66984 | Zot:4    | Gained mutation: You passively dampen the noise of your
                  | surroundings. [potion of mutation]
 66984 | Zot:4    | Gained mutation: Your flesh is cold resistant. (rC+)
                  | [potion of mutation]
 66985 | Zot:4    | Lost mutation: You have supernaturally acute eyesight.
                  | (SInv) [potion of mutation]
 66985 | Zot:4    | Lost mutation: You occasionally lose the ability to read
                  | scrolls when taking damage. [potion of mutation]
 66985 | Zot:4    | Gained mutation: You have sharp toenails. [potion of
                  | mutation]
 66985 | Zot:4    | Gained mutation: You have a pair of large horns on your
                  | head. [potion of mutation]
 66985 | Zot:4    | Gained mutation: You are somewhat resistant to further
                  | mutation. [potion of mutation]
 67719 | Zot:4    | Found a runed translucent gate.
 67719 | Zot:4    | Found a runed translucent gate.
 67719 | Zot:4    | Found a runed translucent gate.
 67720 | Zot:4    | Noticed Laevaasch's ghost (legendary GnFE)
 67720 | Zot:4    | Noticed an ancient lich
 68048 | Zot:5    | Entered Level 5 of the Realm of Zot
 68048 | Zot:5    | Noticed an orb of fire
 68080 | Zot:5    | Noticed a dread lich
 68091 | Zot:4    | Received a gift from Trog
 68247 | Zot:4    | Killed an orb of fire
 68300 | Zot:4    | Killed a dread lich
 69161 | Zot:5    | Noticed a Killer Klown
 69166 | Zot:5    | Noticed a Killer Klown
 69168 | Zot:5    | Lost intelligence.
 69168 | Zot:5    | Noticed a Killer Klown
 69175 | Zot:5    | Noticed an orb of fire
 69176 | Zot:5    | Noticed an orb of fire
 69179 | Zot:5    | Noticed a Killer Klown
 69180 | Zot:5    | Killed a Killer Klown
 69181 | Zot:5    | HP: 8/257 [electric golem (7)]
 69181 | Zot:5    | HP: 3/257 [electric golem (5)]
 69181 | Zot:5    | Slain by an electric golem

Illustrated notes

Levels and vault maps discovered:
D:1:      heliophobic_arrival_glass_houses, layout_loops_ring,
          minmay_hexomino_r4
D:2:      layout_rooms, shapermc_ecumenical_altar_rom_forum
D:3:      layout_loops_ring, uniq_crazy_yiuf_cottage
D:4:      layout_loops_ring, lemuel_coloured_pillars_altar,
          minmay_temple_entry_butterflies, uniq_duvessa
D:5:      layout_basic, kiku_gazebo_garden_becter, roderic_nine_men_s_morris
D:6:      layout_rooms, minivault_23, minmay_misc_feat_tower, nrook_mini_vaults,
          dk_rats_in_the_wall
D:7:      layout_cave_pods, yredelemnul_altar_generic,
          biasface_ghost_orc_armoury
D:8:      layout_basic, mainiacjoe_overflow_catwalk,
          kennysheep_decorative_pillar, dk_vineyard_3, uniq_maggie
D:9:      layout_loops_ring, mainiacjoe_overflow_surrounded_room,
          gammafunk_temple_overflow_elements, dpeg_oklobed_lair, serial_bayou,
          serial_bayou_pond_e, serial_bayou_pond_b, serial_bayou_crossing,
          serial_bayou_shore_a, serial_bayou_lagoon_a
D:10:     regret_index_early_branch_jog, layout_loops_ring, enter_trove_2
D:11:     minmay_s_stair_smasher, layout_irregular_city,
          hellmonk_ghost_big_iron, zin_purify
D:12:     layout_long_grid, minmay_orc_entry_guard_dogs, serial_shops,
          statue_bzr, grunt_livestock, kennysheep_generic_room_12
D:13:     layout_roguey, grunt_vaults_entry_fortified
D:14:     layout_long_grid, minmay_st_funbox
D:15:     grunt_enter_depths_giant_problem, layout_small_grid,
          minmay_misc_feat_room, serial_shops, shop, grunt_ministairs_4,
          uniq_kirke
Lair:1:   layout_chaotic_city, st_stairs_11, roderic_batcave,
          chequers_serial_rivers_small_b, minivault_19, beast_lair_carwin_6,
          uniq_gastronok, uniq_jeremiah
Lair:2:   layout_small_grid, mainiacjoe_swamp_entry_lozenge_pond,
          portal_ice_cave_entry_ice_simulacra, nicolae_quartered_pool_little,
          grunt_megastairs_3
Lair:3:   layout_roguey, nicolae_snake_entry_squirm
Lair:4:   gammafunk_worm_tunnel, layout_loops_ring, slime_entry_1, uniq_snorg
Lair:5:   minmay_lair_end_frog_pond, layout_regular_city
Swamp:1:  layout_falls_marsh, evilmike_swamp_ruin_house_1, uniq_louise,
          uniq_nikola
Swamp:2:  layout_falls_marsh, evilmike_swamp_ruin_house_3, uniq_jorgrun
Swamp:3:  layout_basic_swamp, serial_swamp_ruin, evilmike_swamp_ruin_house_5,
          evilmike_swamp_ruin_rubble_1, evilmike_swamp_ruin_house_4,
          infiniplex_staircase_pool_2
Swamp:4:  swamp_basic_johnstein, layout_basic_swamp, swamp_pool_3,
          nicolae_swamp_bean_lake, uniq_mlioglotl
Snake:1:  layout_misc_corridors, gammafunk_ghost_split,
          hangedman_snake_sidewinding
Snake:2:  layout_chambers, minmay_shop_star, uniq_aizul
Snake:3:  layout_gridlike, nicolae_snake_guarding_the_ruins, grunt_megastairs_2,
          minmay_shoptagon
Snake:4:  grunt_snake_rune_spirals, layout_onion_interference, uniq_agnes
Orc:1:    layout_diamond_mine, special_room [special_room_bee], serial_shops,
          nicolae_shop_trees
Orc:2:    st_orc_ogre_mass, layout_caves, basic_altar
Elf:1:    nicolae_elf_arrival_no_cutting_in_line, layout_gridlike, serial_shops,
          nicolae_shop_real_fake_doors, nicolae_elf_blasts_and_bolts,
          uniq_asterion
Elf:2:    elven_hall_of_blades_hangedman_alternative
          [nicolae_blade_entry_antechamber], layout_geoelf_octagon,
          portal_desolation_entry_salt, nicolae_shop_clearance,
          grunt_megastairs_5
Vaults:1: nicolae_vaults_turnstiles, ontoclasm_vaults_pinch,
          nicolae_vaults_big_angled_halls, minmay_orc_keep,
          nicolae_vaults_asterisk, nicolae_vaults_little_squares_3,
          nicolae_vaults_corridor_and_loot_room, v_pattern_4, v_rooms_5,
          vaults_dpeg_spiral, ontoclasm_vaults_loading_screen,
          grunt_vaults_swirl, nicolae_vaults_storage_closets_3,
          vaults_room_semicircle, layout_vaults_ring
Vaults:2: minmay_crypt_entry_simple_walls, v_misc_9,
          nicolae_vaults_layer_cake_slice, v_misc_23,
          nicolae_vaults_shipping_containers_1, ontoclasm_vaults_chip,
          nicolae_vaults_wine_cellar, nicolae_vaults_heart-shaped_vault,
          vaults_mumra_hexcomb, nicolae_vaults_doubleplus_tesselated,
          nicolae_vaults_little_squares_6, vaults_room_grid,
          vaults_dpeg_encased_lava, layout_vaults_omnicross, serial_shops,
          nicolae_book_shop_shelving, shop, shop, nicolae_diamond_shop,
          nicolae_shop_crystal
Vaults:3: grunt_vaults_twisty, nicolae_vaults_double_plus_3, v_rooms_1,
          v_alt_pattern_3, nicolae_vaults_you_can_take_it_with_you,
          nicolae_vaults_asterisk, hangedman_vaults_corner,
          nicolae_vaults_trapezoid_lopsided_2, grunt_vaults_hallway_short,
          vaults_dpeg_cross, nicolae_vaults_six-pack,
          layout_vaults_chaotic_city, uniq_zenata, uniq_mara
Vaults:4: ebering_ghost_rock_garden, nicolae_vaults_surprise_closet,
          ontoclasm_vaults_eye, st_quartered_hall, vaults_room_octagon,
          v_alt_pattern_2, nicolae_vaults_double_plus_1,
          hangedman_vaults_stagger, v_pattern_3, nicolae_vaults_network_square,
          layout_vaults_omnigrid, serial_shops, shop_fountains
Vaults:5: serial_shops
Depths:1: layout_basic, pf_hell_entry_tar_spiral, hangedman_abyss_entry_splay,
          serial_bayou, serial_bayou_pond_c, serial_bayou_pond_a,
          serial_bayou_pond_c, serial_bayou_pond_e, okawaru_altar_gauntlet_db
Depths:2: minmay_stepped, layout_basic, rand_demon_pan_entry_1, hell_entry,
          serial_shops, nicolae_shop_advertising_works
          [nicolae_subvault_shop_adworks], minmay_misc_feat_ornament,
          nicolae_danse_macabre, minmay_shop_grove,
          infiniplex_staircase_pool_lava, uniq_vv, uniq_josephina
Depths:3: kennysheep_large_spiral, layout_honeycomb, enter_ziggurat_e,
          cheibriados_altar_1, grunt_hell_entry_dis_mu,
          nicolae_abyss_entry_one_way_or_another, uniq_xtahua
Depths:4: evilmike_zot_entry_diamond, layout_twisted_cross, hell_entry
Zot:1:    layout_gridlike, regret_index_zot_stipple_split, st_stairs_12,
          nicolae_tricolors
Zot:2:    regret_index_all_hallows'_manor, layout_misc_corridors,
          hangedman_swamp_dais, uniq_tiamat
Zot:3:    gammafunk_sealed_arena, layout_gridlike
Zot:4:    layout_gridlike, skrybe_zot_glass_3, gammafunk_ghost_necromancy,
          grunt_ministairs_5, lemuel_baited_zot_trap, nrook_zot_tub
Zot:5:    layout_gridlike

Skill      XL: |  1  2  3  4  5  6  7  8  9 10 11 12 13 14 15 16 17 18 19 20 21 22 23 24 25 |
---------------+----------------------------------------------------------------------------+-----
Fighting       | 4 5 9 10 11 12 13 14 15 16 18 19 20 21 22 23 24 25 27 | 27.0
Axes           | 4 5 9 10 11 12 13 14 15 16 18 19 20 22 24 26 | 26.6
Armour         | 3 4 5 9 10 11 12 13 14 15 16 17 19 20 21 22 23 24 25 26 27 | 27.0
Dodging        | 3 4 8 9 10 11 12 13 14 15 16 17 18 19 21 22 23 24 26 | 26.0
Evocations     | 2 4 5 6 7 9 10 11 12 13 14 15 | 15.8

Action                     |  1- 3 |  4- 6 |  7- 9 | 10-12 | 13-15 | 16-18 | 19-21 | 22-24 | 25-27 || total
---------------------------+-------+-------+-------+-------+-------+-------+-------+-------+-------++-------
  Melee: Hand axe          |    91 |    47 |    11 |       |       |       |       |       |       ||   149
         Headbutt          |    10 |    25 |    26 |    96 |   225 |   400 |   456 |   582 |   189 ||  2009
         War axe           |       |    64 |    40 |       |       |       |       |       |       ||   104
         Battleaxe         |       |       |   109 |   272 |   570 |  1391 |  1526 |   849 |   397 ||  5114
         Executioner's axe |       |       |       |   210 |   349 |       |       |   751 |   117 ||  1427
         Broad axe         |       |       |       |       |    21 |    84 |       |       |       ||   105
         Punch             |       |       |       |       |     2 |     3 |       |       |       ||     5
  Throw: Dart              |       |    15 |    13 |       |   165 |    86 |    29 |     4 |       ||   312
         Boomerang         |       |       |     2 |    77 |    54 |       |       |       |       ||   133
         Javelin           |       |       |       |     2 |     2 |       |     4 |       |       ||     8
 Invoke: Berserk           |       |     2 |       |     4 |     3 |     2 |     1 |       |       ||    12
         Trog's Hand       |       |       |       |       |       |     4 |       |       |       ||     4
         Brothers in Arms  |       |       |       |       |       |     1 |       |     2 |     3 ||     6
  Evoke: Wand              |       |       |       |     3 |       |     4 |    11 |    31 |    10 ||    59
         Phial of floods   |       |       |       |       |       |       |       |       |     1 ||     1
         Phantom mirror    |       |       |       |       |       |       |       |       |     1 ||     1
         Condenser vane    |       |       |       |       |       |       |       |       |     1 ||     1
    Use: Scroll            |       |     3 |    15 |    10 |     4 |     2 |       |    19 |     2 ||    55
         Potion            |       |       |     1 |     1 |       |     6 |     7 |     8 |     9 ||    32
   Stab: Sleeping          |     1 |       |       |       |       |       |       |       |       ||     1
         Distracted        |       |       |       |       |       |       |     1 |     3 |       ||     4
 Armour: Animal skin       |    20 |       |       |       |       |       |       |       |       ||    20
         Ring mail         |    34 |    59 |    72 |       |       |       |       |       |       ||   165
         Ice dragon scales |       |       |       |   359 |   517 |   775 |       |       |       ||  1651
         Plate armour      |       |       |       |       |       |    85 |   620 |   482 |       ||  1187
         Gold dragon scale |       |       |       |       |       |       |       |   473 |   462 ||   935
  Dodge: Dodged            |    52 |    56 |    83 |   328 |   846 |  1117 |   984 |  1422 |   361 ||  5249
  Block: Buckler           |       |    14 |     5 |       |       |       |       |       |       ||    19
         Other             |       |       |       |    20 |   197 |   268 |   205 |    96 |       ||   786
         Reflection        |       |       |       |     1 |    15 |    26 |    33 |     3 |       ||    78
